 Dungeon Crawl Stone Soup version 0.20.1-1-g8b1a95d (webtiles) character file.

506 theRoog the Chopper (level 6, -1/56 HPs)
             Began as a Minotaur Berserker on Dec 19, 2017.
             Was a Priest of Trog.
             Slain by a gnoll sergeant
             ... wielding a +0 spear
              (6 damage)
             ... on level 6 of the Dungeon.
             The game lasted 00:03:44 (2465 turns).

theRoog the Chopper (Minotaur Berserker)            Turns: 2465, Time: 00:03:46

Health: -1/56      AC:  9    Str: 23    XL:     6   Next: 97%
Magic:  5/5        EV: 12    Int:  4    God:    Trog [***...]
Gold:   148        SH:  0    Dex: 10    Spells: 5/5 levels left

rFire    . . .     SeeInvis .   a - +0 hand axe
rCold    . . .     Gourm    .   (no shield)
rNeg     . . .     Faith    .   k - +0 ring mail
rPois    .         Spirit   .   (helmet restricted)
rElec    .         Reflect  .   (no cloak)
rCorr    .         Harm     .   s - +1 pair of gloves
MR       .....                  t - +0 pair of boots
Stlth    ..........             (no amulet)
Regen    0.2/turn               (no ring)
MPRegen  0.1/turn               (no ring)

@: berserk cooldown, slowed, very slow
A: retaliatory headbutt, horns 2
a: Berserk, Trog's Hand, Burn Spellbooks, Renounce Religion


You were on level 6 of the Dungeon.
You worshipped Trog.
Trog was most pleased with you.
You were near starving.

You visited 1 branch of the dungeon, and saw 4 of its levels.

You collected 148 gold pieces.

Inventory:

Hand Weapons
 a - a +0 hand axe (weapon)
Armour
 b - a +0 animal skin
 k - a +0 ring mail (worn)
 s - a +1 pair of gloves (worn)
 t - a +0 pair of boots (worn)
Scrolls
 d - a scroll of teleportation
 g - a scroll of random uselessness
 h - a scroll of recharging
 j - a scroll of enchant armour
 l - a scroll of immolation {unknown}
 p - a scroll of remove curse {unknown}
 r - a scroll of enchant weapon {unknown}
 w - a scroll of noise {unknown}
 x - a scroll of identify {unknown}
 y - a scroll of fear {unknown}
 A - a scroll of blinking {unknown}
Potions
 e - 2 potions of invisibility
 m - a potion of haste
 q - a potion of curing
 u - 2 potions of heal wounds {unknown}
 v - a potion of experience {unknown}
Comestibles
 c - 5 bread rations
 f - 3 meat rations
 o - a royal jelly


   Skills:
 + Level 5.0 Fighting
 + Level 7.2 Axes
 + Level 4.7 Armour
 + Level 3.2 Dodging
 + Level 0.1 Stealth


You had 5 spell levels left.
You didn't know any spells.

Dungeon Overview and Level Annotations

Branches:
Dungeon (3/15)

Altars:
Okawaru
Ru
Trog


Innate Abilities, Weirdness & Mutations

You reflexively headbutt those who attack you in melee.
You have a pair of horns on your head.


Message History

The gnoll sergeant hits you but does no damage.
The gnoll barely misses you. You furiously retaliate!
You headbutt the gnoll!
You kill the gnoll!
Trog accepts your kill.
The gnoll sergeant hits you but does no damage.
You feel a strong urge to attack something.
You are too injured to fight recklessly!
You are no longer berserk.
Trog's vigour flows through your veins.
You are exhausted.
You feel yourself slow down.
You are too injured to fight recklessly!
You slash the sky beast!
The sky beast is severely wounded.
The sky beast barely misses you. The sky beast hits you.
* * * LOW HITPOINT WARNING * * *
The sky beast shocks you.
* * * LOW HITPOINT WARNING * * *
The gnoll sergeant hits you from afar with a spear.
You die...

.......... ....
.........##....#
...............#
............... ..
.......)......# ###..
..............### ......
......gg)##.....##........
........Y##.....##.......#
.########@......##.......#
##....##...####.........#
#..........)............#
#.......................+
#.......................#
#....................####
##.......###........††..#
#...........#............#
#...#.....#########...†...


You could see a sky beast, a gnoll sergeant and a gnoll.

Vanquished Creatures
  2 bullfrogs (D:6)
  A hound (D:6)
  An orc wizard (D:3)
  An orc priest (D:3)
  2 iguanas (D:6)
  2 worker ants (D:6)
  4 gnolls (D:6)
  7 adders
  An ooze (D:1)
  A worm (D:2)
  A dart slug (D:3)
  A leopard gecko (D:3)
  8 orcs (D:3)
  A ball python (D:3)
  2 giant cockroaches (D:1)
  10 goblins
  6 hobgoblins
  2 jackals (D:1)
  11 kobolds
  8 bats
  3 frilled lizards
  12 rats
87 creatures vanquished.

Notes
Turn   | Place    | Note
-------+----------+-------------------------------------------
     0 | D:1      | theRoog the Minotaur Berserker began the quest for the Orb.
     0 | D:1      | Reached XP level 1. HP: 19/19 MP: 0/0
    68 | D:1      | Reached XP level 2. HP: 16/27 MP: 1/1
   220 | D:1      | Reached skill level 4 in Axes
   348 | D:1      | Reached ** piety under Trog
   348 | D:1      | Reached XP level 3. HP: 33/33 MP: 2/2
  1161 | D:2      | Reached XP level 4. HP: 38/41 MP: 3/3
  1176 | D:2      | Found an iron altar of Okawaru.
  1552 | D:3      | Reached skill level 5 in Axes
  1594 | D:3      | Reached *** piety under Trog
  1633 | D:3      | Reached XP level 5. HP: 26/47 MP: 4/4
  1966 | D:3      | You fall through a shaft for 3 floors!
  1974 | D:6      | Reached skill level 6 in Axes
  1974 | D:6      | Reached XP level 6. HP: 37/55 MP: 5/5
  2320 | D:6      | Reached skill level 5 in Fighting
  2348 | D:6      | Found a sacrificial altar of Ru.
  2382 | D:6      | Reached skill level 7 in Axes
  2423 | D:6      | Found a bloodstained altar of Trog.
  2451 | D:6      | Noticed a sky beast
  2465 | D:6      | Slain by a gnoll sergeant

Skill      XL: |  1  2  3  4  5  6 |
---------------+-------------------+-----
Fighting       | 4 5 |  5.0
Axes           | 4 5 6 7 |  7.2
Dodging        | 3 |  3.2
Armour         | 3 4 |  4.7
Stealth        | |  0.1

Action                   |  1- 3 |  4- 6 || total
-------------------------+-------+-------++-------
Melee: Hand axe          |    63 |   119 ||   182
       Headbutt          |     6 |    12 ||    18
Invok: Berserk           |       |     1 ||     1
  Use: Scroll            |       |     5 ||     5
       Potion            |       |     4 ||     4
  Eat: Chunk             |       |     4 ||     4
Armor: Animal skin       |    12 |       ||    12
       Ring mail         |    12 |    39 ||    51
Dodge: Dodged            |    54 |    84 ||   138
